 Dungeon Crawl Stone Soup version 0.30.0-19-g36f170ea60 (webtiles) character file.

Game seed: 690924534969309013

47 BillyBaka the Sneak (level 3, -6/22 HPs)
             Began as a Gargoyle Brigand on June 1, 2023.
             Mangled by a gnoll
             ... wielding a +0 club
              (8 damage)
             ... on level 2 of the Dungeon.
             The game lasted 00:04:20 (997 turns).

BillyBaka the Sneak (Gargoyle Brigand)               Turns: 997, Time: 00:04:21

Health: -6/22      AC:  9    Str: 14    XL:     3   Next: 70%
Magic:  3/3        EV: 10    Int: 17    God:
Gold:   52         SH:  0    Dex: 13    Spells: 2/2 levels left

rFire   . . .        a - +2 dagger
rCold   . . .        (no shield)
rNeg    + . .        m - +0 ring mail
rPois   ∞            (no helmet)
rElec   +            c - +0 cloak
rCorr   .            (no gloves)
SInv    .            (no boots)
Will    .....        (no amulet)
Stlth   ++           k - +6 ring of intelligence
HPRegen 0.23/turn    (no ring)
MPRegen 0.08/turn

%: no passive effects
@: no status effects
A: sickness immunity, AC +3, negative energy resistance 1, electricity
resistance, torment resistance 1, petrification resistance
a: no special abilities


You were on level 2 of the Dungeon.
You visited 1 branch of the dungeon, and saw 2 of its levels.

You collected 52 gold pieces.

Inventory:

Hand Weapons
 a - a +2 dagger (weapon)
Missiles
 d - 2 poisoned darts (quivered)
 e - 3 curare-tipped darts
Armour
 b - a +0 robe
 c - a +0 cloak (worn)
 m - a +0 ring mail (worn)
Jewellery
 k - a +6 ring of intelligence (left hand)
Scrolls
 g - a scroll of vulnerability {unknown}
 h - 4 scrolls of identify {unknown}
 l - a scroll of enchant weapon {unknown}
Potions
 f - a potion of attraction {unknown}
 i - a potion of might {unknown}
 j - a potion of curing {unknown}


   Skills:
 + Level 2.6 Fighting
 + Level 2.1 Short Blades
 + Level 2.1 Throwing
 + Level 1.0 Armour
 + Level 1.4 Dodging
 + Level 4.7 Stealth


You had 2 spell levels left.
You didn't know any spells.
Your spell library was empty.

Dungeon Overview and Level Annotations

Branches:
Dungeon (2/15)

Altars:


Innate Abilities, Weirdness & Mutations

You are immune to sickness and miasma.
Your stone body is resilient. (AC +3)
You are immune to poison.
You resist negative energy. (rN+)
You are resistant to electric shocks. (rElec)
You are resistant to unholy torment.
You are immune to petrification.


Message History

Aim: an adder (40% to hit)
You throw a poisoned dart.
The poisoned dart barely misses the adder.
Throw: 3 darts (poison)
Press: ? - help, Q - select action, (/) - cycle Shift-Dir - straight line, f/p - adder
Aim: an adder (40% to hit)
You throw a poisoned dart. The poisoned dart hits the adder.
The adder is poisoned.
The adder closely misses you.
The gnoll drinks a potion.
The gnoll flickers and vanishes!
Deactivating autopickup; reactivate with Ctrl-A.
You hit the adder.
The adder is moderately wounded.
The adder bites you.
You hit the adder.
The adder is heavily wounded.
The adder closely misses you.
You barely miss the adder.
The adder is heavily wounded.
The adder bites you but does no damage.
You hit the adder.
The adder is almost dead.
You kill the adder!
Your Armour skill increases to level 1!
You barely miss the frilled lizard. The frilled lizard bites you.
You hit the frilled lizard.
You kill the frilled lizard!
You hit something. Something hits you.
You hit something. Something hits you but does no damage.
You miss something. Something hits you.
You miss something. Something hits you.
You closely miss something. Something hits you.
You closely miss something. Something hits you but does no damage.
You miss something. You hit something. Something hits you but does no damage.
You hit something. Something hits you!
* * * LOW HITPOINT WARNING * * *
You hit something. Something hits you but does no damage.
You miss something. Something hits you!
You die...

... #.(#$#
###.# #..#.#
#....##....#
#.....#.###
#.((..?.#
#.##..#...
#S# S#
####{# ((
#..@.# #.
#.#### #
##.# ####).#
#....##
#.#### #


You could see an adder.

Vanquished Creatures
  A gnoll (D:2)
  An adder (D:2)
  A dart slug (D:1)
  4 endoplasms (D:1)
  4 goblins (D:1)
  2 hobgoblins (D:1)
  3 kobolds (D:1)
  2 quokkas
  2 ball pythons (D:1)
  A bat (D:1)
  4 frilled lizards
25 creatures vanquished.

Notes
Turn   | Place    | Note
-------+----------+-------------------------------------------
     0 | D:1      | BillyBaka the Gargoyle Brigand began the quest for the Orb.
     0 | D:1      | Reached XP level 1. HP: 12/12 MP: 1/1
   162 | D:1      | Reached XP level 2. HP: 17/17 MP: 2/2
   210 | D:1      | Reached skill level 1 in Dodging
   640 | D:1      | Reached XP level 3. HP: 22/22 MP: 3/3
   985 | D:2      | Reached skill level 1 in Armour
   997 | D:2      | Mangled by a gnoll

Illustrated notes

Levels and vault maps discovered:
D:1:      sevenhm_arrival_forest_fort_large_2, layout_loops_ring,
          kennysheep_minor_cross, hex_tiny
D:2:      layout_rooms, serial_bayou_ford_a, reono_crystal_passage,
          minmay_pentomino_r4

Skill      XL: |  1  2  3 |
---------------+----------+-----
Dodging        | 1 |  1.4
Throwing       | 2 |  2.1
Short Blades   | 2 |  2.1
Armour         | 1 |  1.0
Fighting       | |  2.6
Stealth        | |  4.7

Action                     || total
---------------------------++-------
  Melee: Dagger            ||    75
  Throw: Dart              ||    14
   Stab: Sleeping          ||     6
 Armour: Robe              ||     8
         Ring mail         ||     7
  Dodge: Dodged            ||    27
